 Dungeon Crawl Stone Soup version 0.23-a0-171-g5ae17c6 (webtiles) character file.

30 grindst0ne the Firebug (level 3, -3/19 HPs)
             Began as a Deep Elf Fire Elementalist on Sept 13, 2018.
             Slain by a goblin (4 damage)
             ... led by Robin
             ... on level 2 of the Dungeon.
             The game lasted 00:02:56 (1414 turns).

grindst0ne the Firebug (Deep Elf Fire Elementalist) Turns: 1414, Time: 00:02:56

Health: -3/19      AC:  2    Str:  5    XL:     3   Next: 5%
Magic:  1/10       EV: 13    Int: 20    God:
Gold:   108        SH:  0    Dex: 15    Spells: 6/9 levels left

rFire    . . .     SeeInvis .   e - +1 dagger
rCold    . . .     Gourm    .   (no shield)
rNeg     . . .     Faith    .   a - +0 robe
rPois    .         Spirit   .   (no helmet)
rElec    .         Reflect  .   (no cloak)
rCorr    .         Harm     .   (no gloves)
MR       .....                  (no boots)
Stlth    +.........             f - amulet of rage
HPRegen  0.06/turn              b - ring of attention (curse)
MPRegen  0.12/turn              (no ring)

@: no status effects
A: no striking features
a: Evoke Berserk Rage


You were on level 2 of the Dungeon.
You were hungry.

You visited 1 branch of the dungeon, and saw 2 of its levels.

You collected 108 gold pieces.

Inventory:

Hand Weapons
 e - a +1 dagger (weapon)
Armour
 a - a +0 robe (worn)
Jewellery
 b - a cursed ring of attention (left hand)
 f - an amulet of rage (around neck)
Scrolls
 d - 3 scrolls of identify
Potions
 j - a potion of agility {unknown}
Comestibles
 c - 4 rations
 g - 3 chunks of flesh


   Skills:
 - Level 2.4 Dodging
 - Level 2.4 Stealth
 + Level 3.5 Spellcasting
 * Level 2.4 Conjurations
 + Level 3.6 Fire Magic


You had 6 spell levels left.
You knew the following spells:

 Your Spells              Type           Power        Failure   Level  Hunger
a - Flame Tongue          Conj/Fire      ###..        3%          1    None
b - Throw Flame           Conj/Fire      ###...       6%          2    ##.....

Your spell library contained the following spells:

 Spells                   Type           Power        Failure   Level  Hunger
 Conjure Flame            Conj/Fire      ###.....     12%         3    ###....
 Inner Flame              Hex/Fire       ##......     19%         3    ###....
 Sticky Flame             Conj/Fire      ###.....     36%         4    ####...
 Fireball                 Conj/Fire      ###.......   71%         5    ######.


Dungeon Overview and Level Annotations

Branches:
Dungeon (2/15)

Altars:

Annotations:
D:2 Robin


Message History

The goblin shouts!
Robin throws the goblin at you! The goblin hits you.
There is an open door here.
The goblin shouts!
A goblin comes into view. It is wielding a dagger.
The goblin shouts!
Robin roars a battlecry!
The goblin goes into a battle-frenzy!
The goblin throws a stone.
The stone hits you but does no damage.
You see here a stone.
Robin throws the goblin at you! The goblin barely misses you.
You open the door. Robin throws the goblin at you! The goblin misses you.
The goblin hits you. The goblin hits you with a dagger.
* * * LOW HITPOINT WARNING * * *
You closely miss the goblin. Robin throws the goblin at you!
* * * LOW HITPOINT WARNING * * *
The goblin closely misses you. The goblin misses you.
The goblin barely misses you. The goblin closely misses you.
Robin throws the goblin at you! The goblin hits you.
You die...

#.# ##+## #.# #.# ##...##
#####.## ###<# ##.....##
#....... ###.#.# ##.......##
#.#.....
#.....###.........###.....#.
#.......'.........'.g....<..
#....####.........###.....#.
#.#.## ##.g.....## #.#.....
#<### ##@gg..## #....... #.#
##gg.## ###...## #.# ##g##
#.### #.# #.# #.# #.# #.#
#.# ###.### ##.## #.#
#.....# ##...## #.#
#.#.#.#######.....# #.#
#.#.#......###...## #.#


You could see Robin and 5 goblins.

Vanquished Creatures
  2 dart slugs (D:1)
  A giant cockroach (D:1)
  4 hobgoblins
  3 bats
  A frilled lizard (D:1)
  9 goblins
  3 kobolds (D:1)
  A rat (D:1)
24 creatures vanquished.

Notes
Turn   | Place    | Note
-------+----------+-------------------------------------------
     0 | D:1      | grindst0ne the Deep Elf Fire Elementalist began the quest
                  | for the Orb.
     0 | D:1      | Reached XP level 1. HP: 10/10 MP: 6/6
   176 | D:1      | Reached XP level 2. HP: 12/15 MP: 2/8
   181 | D:1      | Learned a level 2 spell: Throw Flame
  1362 | D:2      | Reached XP level 3. HP: 17/19 MP: 1/10
  1363 | D:2      | Noticed Robin
  1414 | D:2      | Slain by a goblin

Vault maps used:
D:1:      minmay_arrival_open_corners, minmay_misc_feat_pillars
D:2:      nicolae_ru_awakened_eye, nicolae_tso_carved_into_rock, uniq_robin

Skill      XL: |  1  2 |
---------------+-------+-----
Conjurations   | 2 |  2.4
Dodging        | |  2.4
Stealth        | |  2.4
Spellcasting   | |  3.5
Fire Magic     | |  3.6

Action                   || total
-------------------------++-------
Melee: Dagger            ||     6
 Cast: Flame Tongue      ||    35
       Throw Flame       ||     8
  Use: Scroll            ||     4
       Potion            ||     1
  Eat: Chunk             ||     1
Armor: Robe              ||     8
Dodge: Dodged            ||    11

Table legend:
 A = Non-vault XP
 B = Vault XP
 C = Vault XP percentage of total XP
 D = Non-vault monster count
 E = Vault monster count
 F = Vault count percentage of total count
                 A         B        C        D         E       F
            +---------+---------+-------+---------+---------+-------
      Total |      32 |      12 |  27.3 |      18 |       6 |  25.0
            +---------+---------+-------+---------+---------+-------
        D:1 |      28 |       0 |   0.0 |      16 |       0 |   0.0
        D:2 |       4 |      12 |  75.0 |       2 |       6 |  75.0
            +---------+---------+-------+---------+---------+-------
